 Dungeon Crawl Stone Soup version 0.22.1-1-ga44c0e5 (webtiles) character file.

2392 Fang the Cleaver (level 9, -3/84 HPs)
             Began as a Gargoyle Berserker on Sept 28, 2018.
             Was an Elder of Trog.
             Slain by an orc warrior
             ... wielding a +0 glaive
              (19 damage)
             ... on level 7 of the Dungeon.
             The game lasted 00:07:24 (6162 turns).

Fang the Cleaver (Gargoyle Berserker)               Turns: 6162, Time: 00:07:24

Health: -3/84      AC:  5    Str: 30    XL:     9   Next: 46%
Magic:  9/9        EV: 13    Int:  7    God:    Trog [****..]
Gold:   251        SH:  0    Dex:  9    Spells: 8/8 levels left

rFire    . . .     SeeInvis .   o - +1 war axe (flame)
rCold    . . .     Gourm    .   (no shield)
rNeg     + . .     Faith    .   b - +0 animal skin
rPois    ∞         Spirit   .   (no helmet)
rElec    +         Reflect  .   (no cloak)
rCorr    .         Harm     .   (no gloves)
MR       +....                  (no boots)
Stlth    ..........             (no amulet)
HPRegen  0.24/turn              d - ring of protection from magic
MPRegen  0.11/turn              t - -3 ring of protection (curse)

@: berserking, very quick
A: negative energy resistance 1, electricity resistance, unbreathing,
petrification resistance, rot immunity, AC +6
a: Berserk, Trog's Hand, Brothers in Arms, Renounce Religion


You were on level 7 of the Dungeon.
You worshipped Trog.
Trog was greatly pleased with you.
You were near starving.

You visited 2 branches of the dungeon, and saw 8 of its levels.

You collected 251 gold pieces.

Inventory:

Hand Weapons
 a - a +0 hand axe
 o - a +1 war axe of flaming (weapon)
Armour
 b - a +0 animal skin (worn)
Jewellery
 d - a ring of protection from magic (left hand)
 t - a cursed -3 ring of protection (right hand)
Wands
 s - a wand of iceblast (9)
Scrolls
 e - 2 scrolls of enchant weapon {unknown}
 h - a scroll of blinking {unknown}
 k - a scroll of amnesia {unknown}
 l - a scroll of remove curse {unknown}
 n - 2 scrolls of fog {unknown}
 q - a scroll of identify {unknown}
 r - a scroll of noise {unknown}
Potions
 f - a potion of flight {unknown}
 g - a potion of resistance {unknown}
 i - 3 potions of curing {unknown}
 j - 2 potions of heal wounds {unknown}
 m - 3 potions of haste {unknown}
 p - a potion of brilliance {unknown}
Comestibles
 c - 6 rations


   Skills:
 + Level 6.7 Fighting
 + Level 9.0 Axes
 + Level 2.3 Armour
 + Level 4.4 Dodging
 + Level 4.1 Stealth


You had 8 spell levels left.
You didn't know any spells.
Your spell library was empty.

Dungeon Overview and Level Annotations

Branches:
Dungeon (7/15)             Temple (1/1) D:6

Altars:
Ashenzari
Cheibriados
Elyvilon
Kikubaaqudgha
Makhleb
Nemelex Xobeh
Okawaru
Ru
Trog
Vehumet
Wu Jian
Xom
Yredelemnul
Zin
The Shining One

Annotations:
D:6 exclusion: statue


Innate Abilities, Weirdness & Mutations

You are resistant to torment.
Your stone body is resilient. (AC +6)
You are immune to poison.
You resist negative energy. (rN+)
You are resistant to electric shocks. (rElec)
You can survive without breathing.
You are immune to petrification.
You are immune to rotting.


Message History

Unknown command.
You are too injured to fight recklessly!
Unknown command.
You are too injured to fight recklessly!
Unknown command.
You are too injured to fight recklessly!
You slash the orc! You burn the orc.
You feel the power of Trog in you as your rage grows.
You kill the orc!
Trog accepts your kill.
Unknown command.
The orc warrior hits you with a glaive!
* * * LOW HITPOINT WARNING * * *
Items here: )) [ †† a flail; a leather armour; a flail; an orc corpse x2
Unknown command.
You feel a strong urge to attack something.
You barely miss the orc warrior.
The orc warrior hits you with a glaive!!
You die...

##+## ##...##
##.....##
#.#..o....##
#....@)<)..#
.........†...+
...#.........#
# ##.<.....##
##.....##
##...## ##+##


You could see an orc warrior.

Vanquished Creatures
  Prince Ribbit (D:5)
  Duvessa (D:6)
  A sky beast (D:6)
  An ice beast (D:6)
  5 ogres
  A centaur (D:6)
  3 bullfrogs
  Dowan (D:6)
  4 killer bees (D:6)
  3 howler monkeys
  A crimson imp (D:3)
  A centaur zombie (D:6)
  2 hounds
  A bullfrog skeleton (D:6)
  A jelly (D:5)
  7 orc wizards
  Ijyb (D:5)
  A centaur skeleton (D:5)
  2 iguanas
  5 worker ants
  A worker ant zombie (D:5)
  4 gnolls (D:2)
  6 adders
  An ooze (D:1)
  4 worms
  A leopard gecko (D:2)
  26 orcs
  7 bats
  5 giant cockroaches
  7 goblins
  8 hobgoblins
  18 jackals
  3 quokkas
  2 ball pythons
  A ball python skeleton (D:4)
  7 frilled lizards
  2 giant cockroach zombies
  8 kobolds
  11 rats
165 creatures vanquished.

Notes
Turn   | Place    | Note
-------+----------+-------------------------------------------
     0 | D:1      | Fang the Gargoyle Berserker began the quest for the Orb.
     0 | D:1      | Reached XP level 1. HP: 14/14 MP: 1/1
    48 | D:1      | Reached XP level 2. HP: 19/19 MP: 2/2
    50 | D:1      | Reached skill level 3 in Axes
   208 | D:1      | Reached XP level 3. HP: 24/24 MP: 3/3
   474 | D:1      | Reached ** piety under Trog
   861 | D:2      | Reached XP level 4. HP: 5/29 MP: 4/4
  1186 | D:2      | Found a sacrificial altar of Ru.
  1245 | D:2      | Found a glowing golden altar of the Shining One.
  1328 | D:2      | Found a shattered altar of Ashenzari.
  1423 | D:2      | Reached skill level 4 in Axes
  1423 | D:2      | Reached XP level 5. HP: 31/33 MP: 5/5
  2021 | D:3      | Found an iron altar of Okawaru.
  2022 | D:3      | Found a bloodstained altar of Trog.
  2170 | D:3      | Reached skill level 1 in Stealth
  2248 | D:3      | Reached *** piety under Trog
  2323 | D:3      | Found a white marble altar of Elyvilon.
  2445 | D:3      | Found a basalt altar of Yredelemnul.
  2605 | D:4      | Noticed an ogre
  2613 | D:4      | Killed an ogre
  2613 | D:4      | Reached XP level 6. HP: 15/39 MP: 6/6
  2703 | D:4      | Found a glowing silver altar of Zin.
  2703 | D:4      | Found a shimmering altar of Xom.
  2703 | D:4      | Noticed an angel
  2964 | D:4      | Found a snail-covered altar of Cheibriados.
  2980 | D:4      | Reached skill level 5 in Axes
  3377 | D:4      | Reached skill level 5 in Fighting
  3377 | D:4      | Reached XP level 7. HP: 23/44 MP: 7/7
  3893 | D:5      | Entered Level 5 of the Dungeon
  3893 | D:5      | Noticed Prince Ribbit
  3907 | D:5      | Killed Prince Ribbit
  3907 | D:5      | Reached skill level 6 in Axes
  3964 | D:5      | Reached **** piety under Trog
  4030 | D:5      | Reached XP level 8. HP: 41/50 MP: 8/8
  4099 | D:5      | Noticed Ijyb
  4100 | D:5      | Killed Ijyb
  4164 | D:5      | Reached skill level 7 in Axes
  5099 | D:6      | Found a sparkling altar of Nemelex Xobeh.
  5133 | D:6      | Reached skill level 8 in Axes
  5384 | D:6      | Found a staircase to the Ecumenical Temple.
  5392 | D:6      | Reached XP level 9. HP: 48/55 MP: 9/9
  5409 | Temple   | Entered the Ecumenical Temple
  5593 | D:6      | Noticed Dowan
  5597 | D:6      | Noticed Duvessa
  5608 | D:6      | Killed Duvessa
  5610 | D:6      | Killed Dowan
  5810 | D:6      | Reached skill level 9 in Axes
  5900 | D:6      | Found a radiant altar of Vehumet.
  6162 | D:7      | Slain by an orc warrior

Skill      XL: |  1  2  3  4  5  6  7  8  9 |
---------------+----------------------------+-----
Axes           | 3 4 5 6 8 9 |  9.0
Fighting       | 4 5 6 |  6.7
Dodging        | 2 3 4 |  4.4
Stealth        | 1 2 3 4 |  4.1
Armour         | |  2.3

Action                   |  1- 3 |  4- 6 |  7- 9 || total
-------------------------+-------+-------+-------++-------
Melee: Hand axe          |    99 |    96 |       ||   195
       War axe           |       |    54 |   193 ||   247
Invok: Berserk           |     3 |     3 |     4 ||    10
 Stab: Sleeping          |       |       |     5 ||     5
  Eat: Ration            |     1 |     1 |       ||     2
       Chunk             |       |     6 |    12 ||    18
Armor: Animal skin       |    40 |    63 |    45 ||   148
Dodge: Dodged            |    76 |   122 |   110 ||   308
